 Dungeon Crawl Stone Soup version 0.21-a0-625-g1119ec1 (webtiles) character file.

2403 Charly the Cleaver (level 9, -1/75 HPs)
             Began as a Vine Stalker Berserker on Dec 24, 2017.
             Was a Priest of Trog.
             Slain by a tengu conjurer (7 damage)
             ... on level 9 of the Dungeon.
             The game lasted 00:12:27 (1118 turns).

Charly the Cleaver (Vine Stalker Berserker)         Turns: 1118, Time: 00:12:28

Health: -1/75      AC:  5    Str: 25    XL:     9   Next: 47%
Magic:  0/10       EV: 12    Int:  7    God:    Trog [***...]
Gold:   0          SH:  0    Dex: 17    Spells: 8/8 levels left

rFire    . . .     SeeInvis .   a - +1 war axe
rCold    . . .     Gourm    .   (no shield)
rNeg     . . .     Faith    .   p - +0 ring mail
rPois    .         Spirit   +   (no helmet)
rElec    .         Reflect  .   (no cloak)
rCorr    .         Harm     .   (no gloves)
MR       +....                  (no boots)
Stlth    ..........             (no amulet)
HPRegen  0.62/turn              e - ring of stealth
MPRegen  0.12/turn              (no ring)

@: berserking, very quick
A: fangs 3, regeneration 1, magic shield, antimagic bite, no potion heal 3, rot
immunity
a: Berserk, Trog's Hand, Burn Spellbooks, Renounce Religion


You were on level 9 of the Dungeon.
You worshipped Trog.
Trog was most pleased with you.
You were hungry.

You visited 1 branch of the dungeon, and saw 9 of its levels.
You also visited: Ossuary.

Inventory:

Hand Weapons
 a - a +1 war axe (weapon)
Armour
 p - a +0 ring mail (worn)
Jewellery
 e - a ring of stealth (left hand)
Wands
 m - a wand of flame (14)
 u - a wand of iceblast (1)
Scrolls
 f - a scroll of teleportation
 i - 4 scrolls of remove curse
Potions
 d - a potion of degeneration {unknown}
 h - 2 potions of resistance
 l - 2 potions of curing {unknown}
 o - a potion of agility {unknown}
 r - 2 potions of haste {unknown}
 s - a potion of lignification {unknown}
Comestibles
 c - 6 rations


   Skills:
 + Level 7.0 Fighting
 * Level 9.5 Axes
 + Level 2.1 Armour
 + Level 2.1 Dodging


You had 8 spell levels left.
You didn't know any spells.

Dungeon Overview and Level Annotations

Branches:
Dungeon (9/15)
 Temple: D:4-7         Lair: D:8-11         Orc: D:9-12

Altars:
Sif Muna

Annotations:
D:4 tidbits's ghost, novice GnEE
D:6 tidbits's ghost, novice GnEE


Innate Abilities, Weirdness & Mutations

You have razor-sharp teeth.
Your natural rate of healing is unusually fast.
When hurt, damage is shared between your health and your magic reserves.
Your bite disrupts and absorbs the magic of your enemies.
Potions cannot restore your health.
You are immune to rotting.


Message History

You bite the orc warrior, but do no damage.
The orc warrior is severely wounded.
The orc warrior hits you with a trident!
* * * LOW HITPOINT WARNING * * *
Unknown command.
Unknown command.
You closely miss the orc warrior. Your bite misses the orc warrior.
The orc warrior is severely wounded.
The orc warrior hits you with a trident!
* * * LOW HITPOINT WARNING * * *
Unknown command.
Unknown command.
You slash the tengu conjurer! Your bite misses the tengu conjurer.
The tengu conjurer is moderately wounded.
You slash the orc warrior!
You kill the orc warrior!
Trog accepts your kill.
Your Fighting skill increases to level 7!
The tengu conjurer hits you!
You die...

.. ...
##########....
#........#...?
....$.......
#.......!.#
#.).....##
#.†@Q....+
#.)†.....#
#........#
#........#
###.####.# #.#
# #.# #.# #.#


You could see a tengu conjurer.

Vanquished Creatures
  A two-headed ogre (D:8)
  A hippogriff (D:9)
  Eustachio (D:6)
  An orc warrior (D:9)
  A sky beast (D:5)
  A black bear (D:9)
  2 centaurs
  A big kobold (D:6)
  An elf zombie (Ossuary)
  2 bullfrogs
  A scorpion (D:7)
  3 wights (D:8)
  A howler monkey (D:9)
  A bullfrog zombie (D:5)
  3 centaur zombies (Ossuary)
  A crimson imp (D:9)
  An orc priest (D:5)
  2 hounds (D:6)
  A jelly (D:9)
  An orc wizard (D:5)
  3 worker ants (D:5)
  2 big kobold zombies (Ossuary)
  2 mummies (Ossuary)
  8 adders
  A howler monkey skeleton (D:4)
  A dart slug (D:1)
  A leopard gecko (D:4)
  An orc (D:5)
  2 giant cockroaches
  2 hobgoblins (D:3)
  A quokka (D:8)
  A frilled lizard (D:3)
  A goblin zombie (Ossuary)
  10 hobgoblin zombies (Ossuary)
  2 jackal zombies (Ossuary)
  4 kobolds
  11 kobold zombies (Ossuary)
  2 leopard gecko skeletons
  A leopard gecko zombie (D:5)
  6 orc zombies (Ossuary)
  A rat zombie (Ossuary)
90 creatures vanquished.

Notes
Turn   | Place    | Note
-------+----------+-------------------------------------------
     0 | D:1      | Charly the Vine Stalker Berserker began the quest for the Orb.
     0 | D:1      | Reached XP level 1. HP: 11/11 MP: 2/2
    72 | D:2      | You fall through a shaft!
    77 | D:3      | Found a deep blue altar of Sif Muna.
   144 | D:4      | Noticed a worker ant
   149 | D:4      | Reached skill level 3 in Axes
   150 | D:4      | Reached XP level 2. HP: 2/16 MP: 1/3
   165 | D:4      | Noticed tidbits's ghost (novice GnEE)
   243 | D:3      | Reached XP level 3. HP: 10/20 MP: 2/4
   342 | D:4      | Gained mutation: Your natural rate of healing is unusually fast. [Vine Stalker growth]
   342 | D:4      | Reached XP level 4. HP: 8/24 MP: 5/5
   378 | D:5      | Entered Level 5 of the Dungeon
   383 | D:5      | Reached skill level 4 in Axes
   389 | D:5      | Reached XP level 5. HP: 29/29 MP: 6/6
   456 | D:5      | Noticed a sky beast
   466 | D:5      | Killed a sky beast
   466 | D:5      | Reached skill level 5 in Axes
   466 | D:5      | Reached XP level 6. HP: 24/33 MP: 7/7
   535 | D:5      | Reached ** piety under Trog
   559 | D:5      | Found a sand-covered staircase.
   568 | Ossuary  | Entered an ossuary
   625 | Ossuary  | Reached skill level 6 in Axes
   625 | Ossuary  | Reached XP level 7. HP: 16/38 MP: 8/8
   740 | D:6      | Reached *** piety under Trog
   745 | D:6      | Reached skill level 5 in Fighting
   795 | D:6      | Noticed Eustachio
   807 | D:6      | Killed Eustachio
   807 | D:6      | Reached skill level 7 in Axes
   810 | D:6      | Gained mutation: You have razor-sharp teeth. [Vine Stalker growth]
   810 | D:6      | Reached XP level 8. HP: 44/44 MP: 9/9
   834 | D:6      | Noticed tidbits's ghost (novice GnEE)
  1001 | D:8      | Noticed a two-headed ogre
  1007 | D:8      | Killed a two-headed ogre
  1007 | D:8      | Reached skill level 9 in Axes
  1007 | D:8      | Reached XP level 9. HP: 12/49 MP: 10/10
  1082 | D:9      | Noticed a tengu conjurer
  1083 | D:9      | Noticed an efreet
  1118 | D:9      | Slain by a tengu conjurer

Vault maps used:
D:1:      tarquinn_simple_flora_water_a
D:2:      nicolae_overflow_hidden_temple, nemelex_lonely_heart_becter,
          uniq_robin
D:3:      old_standard_altar
D:4:      grunt_temple_overflow_open
D:5:      minmay_temple_entry_junction_2, first_ration,
          nicolae_ossuary_entry_monument, bh_walls_and_bars
D:6:      kennysheep_mini_moat, uniq_blork_the_orc, uniq_eustachio
D:8:      marbit_many_paths
D:9:      minmay_bloctagon, old_standard_altar
Ossuary:  ossuary_tomb_1

Skill      XL: |  1  2  3  4  5  6  7  8  9 |
---------------+----------------------------+-----
Axes           | 3 4 5 6 7 9 |  9.5
Fighting       | 3 4 5 6 7 |  7.0
Armour         | 2 |  2.1
Dodging        | 2 |  2.1

Action                   |  1- 3 |  4- 6 |  7- 9 || total
-------------------------+-------+-------+-------++-------
Melee: Hand axe          |    21 |     8 |       ||    29
       Bite              |     8 |    22 |    31 ||    61
       War axe           |       |    39 |    90 ||   129
Invok: Berserk           |     2 |     3 |     5 ||    10
       Trog's Hand       |       |       |     1 ||     1
Evoke: Wand              |     8 |     1 |    13 ||    22
  Use: Scroll            |       |       |     8 ||     8
 Stab: Sleeping          |       |     2 |     1 ||     3
       Distracted        |       |       |     1 ||     1
  Eat: Chunk             |       |     2 |     5 ||     7
       Ration            |       |       |     1 ||     1
Armor: Animal skin       |     5 |     6 |    11 ||    22
       Ring mail         |       |       |     8 ||     8
Dodge: Dodged            |    12 |    39 |    64 ||   115

Table legend:
 A = Spawn XP
 B = Non-spawn XP
 C = Spawn XP percentage of total XP
 D = Spawn monster count
 E = Non-spawn monster count
 F = Spawn count percentage of total count
 G = Total turns spent on level
                    A         B        C        D         E        F      G
               +---------+---------+-------+---------+---------+-------+---------
         Total |       0 |    3433 |   0.0 |       0 |      90 |   0.0 |  1118
               +---------+---------+-------+---------+---------+-------+---------
           D:1 |       0 |       4 |   0.0 |       0 |       1 |   0.0 |    49
           D:2 |       0 |       2 |   0.0 |       0 |       1 |   0.0 |    33
           D:3 |       0 |      47 |   0.0 |       0 |       8 |   0.0 |   191
           D:4 |       0 |      31 |   0.0 |       0 |       4 |   0.0 |   105
           D:5 |       0 |     365 |   0.0 |       0 |      10 |   0.0 |   202
           D:6 |       0 |     627 |   0.0 |       0 |      11 |   0.0 |   168
           D:7 |       0 |     162 |   0.0 |       0 |       2 |   0.0 |    53
           D:8 |       0 |    1182 |   0.0 |       0 |       7 |   0.0 |    95
           D:9 |       0 |     664 |   0.0 |       0 |       7 |   0.0 |    68
       Ossuary |       0 |     349 |   0.0 |       0 |      39 |   0.0 |   154
               +---------+---------+-------+---------+---------+-------+---------
